 Dungeon Crawl Stone Soup version 0.20.1-1-g8b1a95d66d (webtiles) character file.

167 Jynx the Changer (level 5, -4/40 HPs)
             Began as a Draconian Transmuter on Dec 27, 2017.
             Slain by NixNut's ghost (12 damage)
             ... on level 4 of the Dungeon.
             The game lasted 00:06:23 (3952 turns).

Jynx the Changer (Draconian Transmuter)             Turns: 3952, Time: 00:06:25

Health: -4/40      AC:  6    Str: 13    XL:     5   Next: 23%
Magic:  5/9        EV: 12    Int: 13    God:
Gold:   103        SH:  0    Dex: 12    Spells: 4/10 levels left

rFire    . . .     SeeInvis .     - Unarmed
rCold    . . .     Gourm    .   (no shield)
rNeg     . . .     Faith    .   (armour unavailable)
rPois    .         Spirit   .   (helmet restricted)
rElec    .         Reflect  .   (no cloak)
rCorr    .         Harm     .   (no gloves)
MR       .....                  t - +0 pair of boots
Stlth    ++........             (no amulet)
Regen    0.2/turn               (no ring)
MPRegen  0.2/turn               (no ring)

@: lethally poisoned (-4 -> -11), slowed, very slow
A: unfitting armour, cold-blooded, AC +5
a: no special abilities


You were on level 4 of the Dungeon.
You were not hungry.

You visited 1 branch of the dungeon, and saw 5 of its levels.

You collected 103 gold pieces.

Inventory:

Missiles
 a - 24 arrows
Armour
 t - a +0 pair of boots (worn)
Jewellery
 v - an uncursed ring of stealth {unknown}
Scrolls
 g - a scroll of teleportation {unknown}
 k - a scroll of recharging {unknown}
 n - 3 scrolls of remove curse
 p - a scroll of amnesia {unknown}
 r - a scroll of random uselessness {unknown}
 u - a scroll of fear {unknown}
 w - a scroll of magic mapping {unknown}
 x - 2 scrolls of blinking {unknown}
Potions
 e - 3 potions of degeneration
 i - a potion of mutation {unknown}
 j - a potion of might
 l - a potion of lignification {unknown}
 m - a potion of cancellation {unknown}
 o - 2 potions of haste
 q - a potion of heal wounds {unknown}
 s - a potion of curing {unknown}
Books
 b - a book of Changes

   Spells                             Type                      Level
   a - Beastly Appendage              Transmutation                1
   b - Sticks to Snakes               Transmutation                2
   c - Spider Form                    Transmutation/Poison         3
   d - Ice Form                       Ice/Transmutation            4
   e - Blade Hands                    Transmutation                5
Comestibles
 c - a bread ration
 d - 3 meat rations
 f - 2 fruits
 h - 3 royal jellies
 z - a chunk of flesh


   Skills:
 - Level 1.1 Fighting
 - Level 1.7 Dodging
 + Level 2.2 Stealth
 - Level 3.0 Unarmed Combat
 + Level 3.0 Spellcasting
 * Level 4.0 Transmutations
 + Level 0.4 Poison Magic


You had 4 spell levels left.
You knew the following spells:

 Your Spells              Type           Power        Failure   Level  Hunger
a - Beastly Appendage     Tmut           ##....       4%          1    #......
b - Sticks to Snakes      Tmut           ##......     7%          2    ##.....
c - Spider Form           Tmut/Pois      #.........   26%         3    ###....


Dungeon Overview and Level Annotations

Branches:
Dungeon (5/15)
 Temple: D:4-7

Altars:
Nemelex Xobeh
Qazlal
Uskayaw

Annotations:
D:4 NixNut's ghost, amateur DrCK


Innate Abilities, Weirdness & Mutations

Your plain brown scales are hard. (AC +5)
You cannot fit into any form of body armour.
You are cold-blooded and may be slowed by cold attacks.


Message History

Your ball python bites NixNut's ghost.
Your adder bites NixNut's ghost.
NixNut's ghost hits you!
You are poisoned.
Your ball python misses NixNut's ghost.
You barely miss NixNut's ghost.
NixNut's ghost is lightly damaged.
You feel sick.
Your adder completely misses NixNut's ghost.
NixNut's ghost hits you.
You feel yourself slow down. NixNut's ghost freezes you.
Your ball python bites NixNut's ghost but does no damage.
Your adder barely misses NixNut's ghost.
You feel sick. NixNut's ghost hits you.
* * * LOW HITPOINT WARNING * * *
NixNut's ghost burns you.
* * * LOW HITPOINT WARNING * * *
Your adder bites NixNut's ghost.
Your ball python bites NixNut's ghost but does no damage.
NixNut's ghost hits you!
You die...

### #.#### #....# .#
#.##.# #.# #.##.#######
#.# #.#........# #.#
#.##........
##.###.######.S)S....#..
...............W@###.#
######.#..######.# #
.......#..#....#.#
..#.......#.##.#.#
..#.......#....#.#
..#...............
..#.....#.####.###.#
........'..........#
###.....#.####.##..#


You could see NixNut's ghost, a friendly adder and a friendly ball python.

Vanquished Creatures
  An orc priest (D:4)
  An iguana (D:5)
  3 adders
  2 worms (D:2)
  A dart slug (D:1)
  A leopard gecko (D:2)
  7 orcs (D:4)
  2 ball pythons (D:1)
  8 bats
  3 giant cockroaches
  9 goblins
  6 hobgoblins
  8 jackals
  2 quokkas
  A frilled lizard (D:2)
  6 kobolds
  8 rats
69 creatures vanquished.

Vanquished Creatures (collateral kills)
  2 orcs (D:4)
2 creatures vanquished.

Grand Total: 71 creatures vanquished

Notes
Turn   | Place    | Note
-------+----------+-------------------------------------------
     0 | D:1      | Jynx the Draconian Transmuter began the quest for the Orb.
     0 | D:1      | Reached XP level 1. HP: 16/16 MP: 3/3
   201 | D:1      | Reached XP level 2. HP: 18/23 MP: 3/5
   896 | D:1      | Reached XP level 3. HP: 24/28 MP: 4/6
   982 | D:1      | Reached skill level 3 in Transmutations
  1394 | D:2      | Reached skill level 1 in Stealth
  1400 | D:2      | Learned a level 2 spell: Sticks to Snakes
  1404 | D:2      | Learned a level 3 spell: Spider Form
  1880 | D:2      | Found a sparkling altar of Nemelex Xobeh.
  2901 | D:3      | Reached XP level 4. HP: 35/35 MP: 7/7
  3064 | D:3      | You fall through a shaft for 2 floors!
  3064 | D:5      | Entered Level 5 of the Dungeon
  3728 | D:4      | Reached skill level 4 in Transmutations
  3728 | D:4      | Reached XP level 5. HP: 22/40 MP: 9/9
  3904 | D:4      | Found a stormy altar of Qazlal.
  3904 | D:4      | Found a hide-covered altar of Uskayaw.
  3910 | D:4      | Found a faded altar of an unknown god.
  3918 | D:4      | Noticed NixNut's ghost (amateur DrCK)
  3952 | D:4      | Slain by NixNut's ghost

Skill      XL: |  1  2  3  4 |
---------------+-------------+-----
Transmutations | 3 4 |  4.0
Stealth        | 1 2 |  2.2
Spellcasting   | 3 |  3.0
Fighting       | |  1.1
Dodging        | |  1.7
Unarmed Combat | |  3.0
Poison Magic   | |  0.4

Action                   |  1- 3 |  4- 6 || total
-------------------------+-------+-------++-------
Melee: Unarmed           |   213 |    79 ||   292
       Tailslap          |    18 |     6 ||    24
       Kick              |     7 |       ||     7
       Headbutt          |    16 |    12 ||    28
       Punch             |       |     1 ||     1
 Cast: Beastly Appendage |    34 |     7 ||    41
       Sticks to Snakes  |       |     6 ||     6
  Use: Scroll            |     4 |       ||     4
 Stab: Sleeping          |     2 |     1 ||     3
  Eat: Chunk             |     5 |     5 ||    10
       Fruit             |       |     1 ||     1
Armor: Skin              |    71 |    30 ||   101
Dodge: Dodged            |   149 |    58 ||   207
